 Dungeon Crawl Stone Soup version 0.32-a0-128-g77eb882913 (webtiles) character file.

Game seed: 14332600466189007593

31 Nattfarinn the Ruffian (level 3, -1/33 HPs)
             Began as a Naga Shapeshifter on Feb 8, 2024.
             Slain by an adder (3 damage)
             ... on level 2 of the Dungeon.
             The game lasted 00:02:00 (1559 turns).

Nattfarinn the Ruffian (Naga Shapeshifter)          Turns: 1559, Time: 00:02:01

Health: -1/33      AC:  2    Str: 16    XL:     3   Next: 22%
Magic:  3/3        EV:  9    Int: 12    God:
Gold:   98         SH:  0    Dex: 10    Spells: 2/2 levels left

rFire   . . .        f - +0 arbalest
rCold   . . .        (shield currently unavailable)
rNeg    . . .        a - +0 animal skin
rPois   +            (no helmet)
rElec   .            (no cloak)
rCorr   .            (no gloves)
SInv    +            (no barding)
Will    .....        (no amulet)
Stlth   +            (no ring)
HPRegen 0.25/turn    (no ring)
MPRegen 0.08/turn

%: no passive effects
@: very slow
A: AC +1, large, see invisible, deformed body, poison resistance, slowness 2,
spit poison 1, naga tail 1
a: Spit Poison


You were on level 2 of the Dungeon.
You visited 1 branch of the dungeon, and saw 2 of its levels.

You collected 98 gold pieces.

Inventory:

Hand Weapons
 f - a +0 arbalest (weapon)
 g - a +0 mace
Armour
 a - a +0 animal skin (worn)
Talismans
 c - a beast talisman
 d - a flux talisman
Scrolls
 e - a scroll of poison {unknown}
 h - a scroll of identify {unknown}
 i - a scroll of enchant weapon {unknown}
 l - 2 scrolls of immolation {unknown}
Potions
 b - a potion of lignification
 j - a potion of haste {unknown}
 k - a potion of mutation {unknown}
 m - a potion of curing {unknown}


   Skills:
 * Level 2.8 Fighting
 + Level 0.8 Ranged Weapons
 - Level 1.5 Dodging
 - Level 3.0 Unarmed Combat
 - Level 3.0 Shapeshifting


You had 2 spell levels left.
You didn't know any spells.
Your spell library contained the following spells:

 Spells                   Type           Power      Damage    Failure   Level
 Slow                     Hex            0%         N/A       32%         1
 Confusing Touch          Hex            0%         N/A       69%         3
 Sigil of Binding         Hex            0%         N/A       69%         3
 Vampiric Draining        Necr           0%         2d6       69%         3


Dungeon Overview and Level Annotations

Branches:
Dungeon (2/15)

Altars:


Innate Abilities, Weirdness & Mutations

Your serpentine skin is tough. (AC +1)
You have supernaturally acute eyesight. (SInv)
Armour fits poorly on your strangely shaped body.
Your system is resistant to poisons. (rPois)
You cover ground very slowly.
You can spit poison.
You have a snake-like lower body.


Message History

You shoot a bolt. The bolt hits the kobold!
You kill the kobold!
No target in view!
No target in view!
Found a stone and a club.
Found a stone staircase leading up.
m - a blue potion An adder comes into view.
The adder hisses angrily.
You shoot a bolt. The bolt misses the adder.
You shoot a bolt. The bolt hits the adder.
The adder is heavily wounded.
The adder bites you. The adder barely misses you.
You shoot a bolt. The bolt hits the adder.
The adder is almost dead.
The adder closely misses you. The adder barely misses you.
You shoot a bolt. The bolt misses the adder.
The adder bites you.
You are poisoned.
The adder poisons you! The adder closely misses you. The adder bites you.
You shoot a bolt. The bolt barely misses the adder.
You feel sick. The adder bites you. x2
You are more poisoned.
The adder poisons you!
You shoot a bolt. The bolt closely misses the adder.
You feel very sick. The adder bites you. x2
You are too injured to fight recklessly!
You are too injured to fight recklessly!
You shoot a bolt. The bolt misses the adder.
You feel sick. The adder bites you.
* * * LOW HITPOINT WARNING * * *
The adder misses you. The adder bites you.
* * * LOW HITPOINT WARNING * * *
You shoot a bolt. The bolt completely misses the adder.
You feel sick. The adder misses you. The adder bites you.
* * * LOW HITPOINT WARNING * * *
You shoot a bolt. The bolt barely misses the adder.
You feel sick.
You are no longer poisoned.
The adder bites you.
You die...

#. . #.. .. .. .. #.#
.... .. ... ##.####.#...
.. .... .........)## .
.....#####..........#
.....)S@##..........#
.....##.............# ...
###...........##
#########.............###
#.........#.............#
#.....(..###.........##..
#....)...# #..........###
#........#######.##.....#
#............>....###.#..


You could see an adder.

Vanquished Creatures
  A dart slug (D:2)
  A ribbon worm (D:2)
  2 endoplasms (D:1)
  5 goblins
  4 hobgoblins (D:1)
  2 quokkas (D:1)
  A ball python (D:1)
  2 frilled lizards
  4 kobolds
  A rat (D:1)
23 creatures vanquished.

Notes
Turn   | Place    | Note
-------+----------+-------------------------------------------
     0 | D:1      | Nattfarinn the Naga Shapeshifter began the quest for the
                  | Orb.
     0 | D:1      | Reached XP level 1. HP: 18/18 MP: 1/1
   256 | D:1      | Reached XP level 2. HP: 26/26 MP: 2/2
   267 | D:1      | Found a faded altar of an unknown god.
  1404 | D:2      | Reached XP level 3. HP: 33/33 MP: 3/3
  1559 | D:2      | Slain by an adder

Illustrated notes

Levels and vault maps discovered:
D:1:      eino_arrival_water_cross, layout_basic,
          hellmonk_ecumenical_altar_lost_god, minivault_27
D:2:      layout_rooms

Skill      XL: |  1 |
---------------+----+-----
Fighting       | 2 |  2.8
Ranged Weapons | |  0.8
Dodging        | |  1.5
Unarmed Combat | |  3.0
Shapeshifting  | |  3.0

Action                     || total
---------------------------++-------
  Melee: Club              ||    16
         Mace              ||     3
         Unarmed           ||     1
   Fire: Arbalest          ||    58
Ability: Begin Untransform ||     1
 Armour: Animal skin       ||    48
  Dodge: Dodged            ||    24

Table legend: (Time is in decaauts)
 A = Elapsed time spent in this place.
 B = Non-inter-level travel time spent in this place.
 C = Inter-level travel time spent in this place.
 D = Time resting spent in this place.
 E = Time spent auto-exploring this place.
 F = Levels seen in this place.
 G = Mean time per level.
                   A        B        C        D        E       F      G
               +--------+--------+--------+--------+--------+-----+--------+
         Total |   2064 |   1888 |    176 |    210 |   1433 |   2 | 1032.0 |
       Dungeon |   2064 |   1888 |    176 |    210 |   1433 |   2 | 1032.0 |
               +--------+--------+--------+--------+--------+-----+--------+

Top non-repeatable levels by time:
     D:1: 1762 daAuts
     D:2: 301 daAuts
